 Dungeon Crawl Stone Soup version 0.30-a0-313-gae38170b09 (webtiles) character file.

Game seed: 5492051712436273945

26252 KennySheep the Destroyer (level 12, -9/87 HPs)
             Began as a Demigod Conjurer on Oct 26, 2022.
             Mangled by a komodo dragon (30 damage)
             ... on level 2 of the Lair of Beasts.
             The game lasted 00:58:02 (16105 turns).

KennySheep the Destroyer (Demigod Conjurer)        Turns: 16105, Time: 00:58:03

Health: -9/87      AC: 15    Str: 14    XL:     12   Next: 59%
Magic:  23/30      EV: 10    Int: 41    God:
Gold:   135        SH:  0    Dex: 12    Spells: 4/31 levels left

rFire   + + +      SeeInvis .    b - +11 whip of Karma {venom, rF++ Will- Int+3}
rCold   . . .      Faith    .    t - orb {light}
rNeg    + . .      Spirit   .    w - +2 ring mail {rF+}
rPois   +          Reflect  .    (no helmet)
rElec   .          Harm     +    I - +2 cloak
rCorr   .          Rampage  .    (no gloves)
Will    +....                    j - +2 pair of boots of Wasted Space {Harm rPois rN+ Str+2}
Stlth   +.........               (no amulet)
HPRegen 0.34/turn                E - +6 ring of intelligence
MPRegen 0.22/turn                K - ring of protection from cold

@: slowed, glowing, very slow
A: high MP 1, forlorn, divine attributes, iridescent scales 1, frail 1,
strong-willed 1, cold vulnerability 1
a: no special abilities


You were on level 2 of the Lair of Beasts.
You visited 3 branches of the dungeon, and saw 16 of its levels.
You also visited: Sewer.

You collected 1106 gold pieces.
You spent 971 gold pieces at shops.

Inventory:

Hand Weapons
 b - the +11 whip of Karma (weapon) {venom, rF++ Will- Int+3}
   (You found it on level 5 of the Dungeon)

   It poisons the flesh of those it strikes.
   Int:       It affects your intelligence (+3).
   rF:        It greatly protects you from fire.
   Will:      It decreases your willpower.
Missiles
 G - a throwing net
Armour
 j - the +2 pair of boots of Wasted Space (worn) {Harm rPois rN+ Str+2}
   (You bought it in a shop on level 5 of the Dungeon)

   Str:       It affects your strength (+2).
   rPois:     It protects you from poison.
   rN:        It protects you from negative energy.
   Harm:      It increases damage dealt and taken.
 t - an orb of light (worn)
 v - a +0 pair of boots
 w - a +2 ring mail of fire resistance (worn)
 I - a +2 cloak (worn)
 L - the +2 leather armour of Asceticism {-Cast Harm Fly Dex+5}
   (You bought it in a shop on level 2 of the Orcish Mines)

   Dex:       It affects your dexterity (+5).
   Fly:       It grants you flight.
   -Cast:     It prevents spellcasting.
   Harm:      It increases damage dealt and taken.
Jewellery
 a - a ring of poison resistance
 r - a +6 ring of strength
 E - a +6 ring of intelligence (left hand)
 K - a ring of protection from cold (right hand)
Wands
 f - a wand of charming (22)
 g - a wand of iceblast (10)
 n - a wand of digging (12)
Scrolls
 c - 4 scrolls of torment
 h - 3 scrolls of magic mapping
 s - 2 scrolls of silence
 u - 3 scrolls of noise
 z - 3 scrolls of enchant armour
 A - a scroll of brand weapon
 D - 2 scrolls of identify
 F - a scroll of acquirement {unknown}
Potions
 d - 7 potions of attraction
 e - 2 potions of haste
 i - 3 potions of lignification
 k - a potion of might
 l - 5 potions of flight
 m - 6 potions of curing
 o - 3 potions of cancellation
 p - a potion of berserk rage
 q - a potion of ambrosia
 x - a potion of brilliance
 y - a potion of magic
 B - a potion of heal wounds
 C - a potion of mutation
 J - a potion of resistance


   Skills:
 + Level 6.8 Fighting
 - Level 1.7 Dodging
 - Level 1.7 Stealth
 - Level 3.1 Unarmed Combat
 + Level 10.0 Spellcasting
 * Level 11.3 Conjurations
 - Level 5.9 Hexes
 - Level 8.7 Translocations
 - Level 4.1 Transmutations


You had 4 spell levels left.
You knew the following spells:

 Your Spells              Type           Power      Damage    Failure   Level
a - Magic Dart            Conj           100%       1d8       1%          1
b - Searing Ray           Conj           100%       2d8       1%          2
c - Iskenderun's Mystic   Conj/Tloc      80%        2d16      1%          4
d - Passage of Golubria   Tloc           75%        N/A       1%          4
e - Fulminant Prism       Conj/Hex       37%        3d18      1%          4
f - Tukima's Dance        Hex            62%        N/A       1%          3
g - Manifold Assault      Tloc           75%        N/A       1%          4
z - Iskenderun's Battles  Conj           85%        2d13      1%          5

Your spell library contained the following spells:

 Spells                   Type           Power      Damage    Failure   Level
 Dazzling Flash           Conj/Hex       100%       N/A       1%          3
 Necrotise                Necr           80%        1d8       3%          1
 Frozen Ramparts          Ice            40%        1d7       10%         3
 Vampiric Draining        Necr           20%        2d7       10%         3
 Ice Form                 Ice/Tmut       37%        N/A       14%         4
 Olgreb's Toxic Radiance  Pois           20%        N/A       32%         4
 Summon Ice Beast         Ice/Summ       20%        N/A       32%         4
 Fireball                 Conj/Fire      30%        3d13      9%          5
 Yara's Violent Unravell  Hex/Tmut       29%        3d12      12%         5
 Dispersal                Tloc           37%        N/A       14%         6
 Summon Forest            Summ/Tloc      27%        N/A       16%         5
 Silence                  Hex/Air        22%        N/A       26%         5
 Summon Mana Viper        Hex/Summ       45%        N/A       26%         5
 Orb of Destruction       Conj           42%        9d12      26%         7
 Conjure Ball Lightning   Conj/Air       30%        3x3d10    45%         6
 Agony                    Necr           20%        N/A       67%         5
 Summon Cactus Giant      Summ           10%        N/A       99%         6
 Disjunction              Tloc           37%        N/A       99%         8
 Ozocubu's Refrigeration  Ice            10%        4d9       100%        7
 Ignition                 Fire           10%        3d5       100%        8


Dungeon Overview and Level Annotations

Branches:
Dungeon (11/15)            Temple (0/1) D:4            Lair (3/5) D:10
    Orc (2/2) D:11          Sewer (visited)
  Swamp: Lair:2-3    Shoals: Lair:2-3     Snake: Lair:2-3    Spider: Lair:2-3
    Elf: Orc:2

Shops:
D:5 ((!=*[   Orc:2 [

Annotations:
D:6 3 runed translucent doors, koil's ghost, novice SpBr
Orc:2 Rupert; Urug


Innate Abilities, Weirdness & Mutations

You have an increased reservoir of magic. (+10% MP)
You shall have no god before yourself.
Your divine heritage dramatically boosts your attributes as you level up.
You are partially covered in iridescent scales. (AC +2)
You are frail. (-10% HP)
You are strong-willed. (Will+)
You are vulnerable to cold. (rC-)


Message History

The komodo dragon closely misses you. The wyvern bites you.
The bog body gestures at you while chanting.
You feel yourself slow down. The komodo dragon barely misses you.
There is a stone staircase leading up here.
Casting: Iskenderun's Mystic Blast (mildly dangerous; 1% risk of failure)
Confirm with . or Enter, or press ? or * to list all spells.
You erupt in a blast of force!
The mystic blast hits the bog body!
The bog body is heavily damaged.
The bog body is knocked back by the mystic blast.
The mystic blast hits the komodo dragon!
The komodo dragon is heavily wounded.
The komodo dragon is knocked back by the mystic blast.
The komodo dragon collides with the plant!
The plant begins to die.
The plant is lightly damaged.
The komodo dragon is severely wounded.
The mystic blast hits the wyvern!
The wyvern is moderately wounded.
The wyvern is knocked back by the mystic blast.
You hit the wyvern.
The wyvern is heavily wounded.
The wyvern closely misses you.
The bog body gestures at you while chanting.
The bolt of cold hits you!! The wyvern bites you.
The komodo dragon bites you but does no damage.
The bog body gestures at you while chanting.
You resist with some effort. The wyvern bites you.
Casting: Iskenderun's Mystic Blast (mildly dangerous; 1% risk of failure)
Confirm with . or Enter, or press ? or * to list all spells.
You erupt in a blast of force!
The mystic blast hits the komodo dragon.
The komodo dragon is almost dead.
The mystic blast hits the wyvern!
You kill the wyvern!
The komodo dragon bites you.
The bog body gestures at you while chanting.
The bolt of cold hits you!!
* * * LOW HITPOINT WARNING * * *
The komodo dragon bites you!!
You die...

+.#.. ..... ## ###### ♣...P
### ####P###.P#.# ...# ##
####.##.#.#........# #
###.##..................#
...#
###.......................#
.#
.................#........#
..
..F.......[...............#
. .
..........@...÷...........#
..
.........l...........>....#
...
...../....................#
...
.......P.n..#.............#
#.
............#.....#.......#
#..
............#.............#
. ..
.........................#
.#
.....~♣~................#
..# §♣§§ ..............#


You could see a komodo dragon and a bog body.

Vanquished Creatures
  An ettin (Orc:1)
  A hydra (Lair:1)
  A catoblepas (Lair:1)
  6 two-headed ogres
  2 orc high priests
  A skeletal warrior (D:10)
  A deep elf pyromancer (D:7)
  2 orc sorcerers (Orc:2)
  A cyclops (D:11)
  A manticore (D:10)
  A gargoyle (D:10)
  An unseen horror (D:11)
  A cane toad (Lair:2)
  8 komodo dragons
  A kobold demonologist (D:10)
  A hornet (D:10)
  3 trolls
  3 blink frogs (Lair:2)
  Sigmund (D:2)
  A wraith (D:10)
  5 wyverns
  A basilisk (Lair:1)
  16 yaks
  Grum (D:9)
  A dancing weapon (Orc:2)
  A steam dragon (D:7)
  Menkaure (D:6)
  A warg (Orc:2)
  4 acid dragons
  7 water moccasins
  21 orc warriors
  A sky beast (D:7)
  2 black bears
  7 ogres
  2 wolves (D:9)
  3 centaurs
  2 phantoms
  4 kobold brigands
  11 bullfrogs
  A necrophage (D:4)
  2 gnoll sergeants
  A wyvern zombie (D:6)
  5 scorpions
  9 wights
  6 killer bees
  4 howler monkeys
  An electric eel (D:6)
  A bullfrog zombie (D:6)
  A jelly (D:6)
  10 orc priests
  9 hounds
  2 gnoll boudas
  Natasha (twice) (D:2)
  11 iguanas
  21 orc wizards
  14 gnolls
  10 adders
  4 river rats (Sewer)
  2 white imps
  5 worms
  62 orcs
  7 endoplasms
  2 giant cockroaches
  5 goblins
  8 hobgoblins
  2 jackals (D:5)
  32 kobolds
  5 quokkas
  13 ball pythons
  3 bats (D:1)
  7 frilled lizards
  8 rats
404 creatures vanquished.

Vanquished Creatures (others)
  2 orc wizards
  A gnoll (D:7)
  11 fulminant prisms
  78 fungi
  91 plants
  3 toadstools (D:8)
186 creatures vanquished.

Grand Total: 590 creatures vanquished

Notes
Turn   | Place    | Note
-------+----------+-------------------------------------------
     0 | D:1      | KennySheep the Demigod Conjurer began the quest for the
                  | Orb.
     0 | D:1      | Reached XP level 1. HP: 14/14 MP: 5/5
   242 | D:1      | Reached XP level 2. HP: 20/20 MP: 4/7
   391 | D:1      | Reached skill level 1 in Translocations
   938 | D:2      | Noticed Natasha
   943 | D:2      | Killed Natasha
   944 | D:2      | Reached skill level 4 in Conjurations
   944 | D:2      | Reached XP level 3. HP: 16/26 MP: 6/9
   947 | D:2      | Learned a level 2 spell: Searing Ray
  1212 | D:2      | Noticed Sigmund
  1223 | D:2      | Killed Sigmund
  1224 | D:2      | Reached XP level 4. HP: 10/33 MP: 1/11
  1224 | D:2      | Reached XP level 5. HP: 11/38 MP: 1/12
  1313 | D:2      | Learned a level 4 spell: Iskenderun's Mystic Blast
  2034 | D:2      | Noticed Natasha
  2057 | D:2      | Killed Natasha
  2748 | D:3      | Noticed a blizzard demon
  2784 | D:3      | You fall into a shaft and drop 2 floors!
  2784 | D:5      | Entered Level 5 of the Dungeon
  2890 | D:4      | Reached skill level 5 in Conjurations
  2890 | D:4      | Reached XP level 6. HP: 44/45 MP: 11/14
  3460 | D:4      | Reached XP level 7. HP: 38/50 MP: 0/16
  3948 | D:4      | Found a staircase to the Ecumenical Temple.
  4575 | D:5      | Identified the +11 whip of Karma {venom, rF++ Will- Int+3}
  4735 | D:5      | Reached skill level 6 in Conjurations
  5289 | D:5      | Found Xidy's General Store.
  5290 | D:5      | Found Aket Hoa's Distillery.
  5291 | D:5      | Found Lotzay's Antique Armour Shop.
  5291 | D:5      | Found Ukhlarev's Jewellery Boutique.
  5291 | D:5      | Found Banutz's Antique Weapon Shop.
  5291 | D:5      | Found Dautaab's Antique Weapon Emporium.
  5306 | D:5      | Bought a potion of degeneration for 14 gold pieces
  5306 | D:5      | Bought a potion of curing for 42 gold pieces
  5306 | D:5      | Bought a potion of heal wounds for 70 gold pieces
  5464 | D:6      | Reached skill level 5 in Spellcasting
  5464 | D:6      | Reached skill level 5 in Translocations
  5464 | D:6      | Reached XP level 8. HP: 57/57 MP: 13/19
  5490 | D:6      | Noticed Menkaure
  5493 | D:6      | Killed Menkaure
  5630 | D:6      | Found a glowing drain.
  5634 | Sewer    | Entered a sewer
  5681 | Sewer    | Learned a level 4 spell: Passage of Golubria
  6373 | D:6      | Reached skill level 7 in Conjurations
  6754 | D:6      | Learned a level 4 spell: Fulminant Prism
  6758 | D:6      | Learned a level 3 spell: Tukima's Dance
  6792 | D:6      | Found a runed translucent gate.
  6792 | D:6      | Found a runed translucent gate.
  6792 | D:6      | Found a runed translucent gate.
  6792 | D:6      | Noticed koil's ghost (novice SpBr)
  7128 | D:7      | Noticed a deep elf pyromancer
  7137 | D:7      | Reached skill level 1 in Hexes
  7149 | D:7      | Killed a deep elf pyromancer
  7150 | D:7      | Reached XP level 9. HP: 60/62 MP: 5/22
  8110 | D:8      | Noticed a two-headed ogre
  8117 | D:8      | Killed a two-headed ogre
  8256 | D:8      | Reached XP level 10. HP: 68/69 MP: 16/25
  9006 | D:9      | Reached skill level 5 in Hexes
  9088 | D:9      | Noticed Grum
  9095 | D:9      | Killed Grum
  9096 | D:9      | Reached skill level 1 in Unarmed Combat
  9162 | D:9      | Learned a level 4 spell: Manifold Assault
  9257 | D:9      | Reached skill level 1 in Fighting
  9265 | D:9      | Reached skill level 1 in Transmutations
  9285 | D:10     | Entered Level 10 of the Dungeon
  9302 | D:10     | Noticed a two-headed ogre
  9313 | D:10     | Killed a two-headed ogre
 10129 | D:10     | Noticed a two-headed ogre
 10137 | D:10     | Killed a two-headed ogre
 10251 | D:10     | Reached XP level 11. HP: 81/81 MP: 19/27
 10321 | D:10     | Found a staircase to the Lair.
 10742 | D:10     | Noticed a skeletal warrior
 10768 | Lair:1   | Entered Level 1 of the Lair of Beasts
 10813 | Lair:2   | Noticed a bog body
 10822 | Lair:2   | Noticed a four-headed hydra
 10995 | Lair:1   | HP: 3/82 [komodo dragon (16)]
 11089 | Lair:1   | Reached skill level 8 in Conjurations
 11101 | Lair:1   | HP: 3/83 [komodo dragon (23)]
 11350 | Lair:1   | Learned a level 5 spell: Iskenderun's Battlesphere
 11517 | Lair:1   | Noticed a catoblepas
 11518 | Lair:1   | Noticed a seven-headed hydra
 11961 | Lair:1   | Killed a seven-headed hydra
 11997 | Lair:1   | Killed a catoblepas
 12108 | Lair:1   | Reached skill level 9 in Conjurations
 12113 | Lair:1   | Gained mutation: You are vulnerable to cold. (rC-) [potion
                  | of mutation]
 12113 | Lair:1   | Gained mutation: You are frail. (-10% HP) [potion of
                  | mutation]
 12113 | Lair:1   | Gained mutation: You are partially covered in iridescent
                  | scales. (AC +2) [potion of mutation]
 12113 | Lair:1   | Gained mutation: You are strong-willed. (Will+) [potion of
                  | mutation]
 12428 | D:5      | Bought a pair of crude boots for 247 gold pieces
 12428 | D:5      | Identified the +2 pair of boots of Wasted Space {Harm rPois
                  | rN+ Str+2} (You bought it in a shop on level 5 of the
                  | Dungeon)
 12575 | D:10     | Killed a skeletal warrior
 12755 | D:10     | Reached skill level 5 in Fighting
 13375 | D:11     | Noticed a two-headed ogre
 13379 | D:11     | Killed a two-headed ogre
 13555 | D:11     | Noticed a two-headed ogre
 13566 | D:11     | Killed a two-headed ogre
 13567 | D:11     | Reached XP level 12. HP: 54/84 MP: 5/29
 13751 | D:11     | Reached skill level 10 in Conjurations
 14432 | D:11     | Found a staircase to the Orcish Mines.
 14448 | Orc:1    | Entered Level 1 of the Orcish Mines
 14449 | Orc:1    | Noticed an ettin
 14458 | Orc:1    | Killed an ettin
 14893 | D:5      | Bought a ring of protection from cold for 325 gold pieces
 15023 | Orc:2    | Entered Level 2 of the Orcish Mines
 15044 | Orc:2    | Noticed Rupert
 15044 | Orc:2    | Noticed Urug
 15297 | Orc:2    | Reached skill level 11 in Conjurations
 15430 | Orc:2    | Found Reeqed's Antique Armour Shop.
 15461 | Orc:2    | Bought a jewelled leather armour for 273 gold pieces
 15461 | Orc:2    | Identified the +2 leather armour of Asceticism {-Cast Harm
                  | Fly Dex+5} (You bought it in a shop on level 2 of the
                  | Orcish Mines)
 15528 | Orc:1    | Reached skill level 10 in Spellcasting
 15740 | Orc:2    | Noticed an orc warlord
 16105 | Lair:2   | Mangled by a komodo dragon

Illustrated notes

Levels and vault maps discovered:
D:1:      lemuel_arrival_broad_hall, layout_basic
D:2:      layout_basic, basic_altar, serial_bayou, serial_bayou_lake_a,
          serial_bayou_ford_a, serial_bayou_pond_d, serial_bayou_lagoon_b,
          kennysheep_generic_room_12, uniq_sigmund, uniq_natasha
D:3:      layout_basic, makhleb_altar_promises_db, old_standard_altar,
          mainiacjoe_overflow_brackets
D:4:      layout_basic, lemuel_temple_firewalk_b, kennysheep_opposing_triangles
D:5:      layout_cave_pools, nicolae_wooded_promenade
D:6:      layout_loops_cross, nicolae_yredelemnul_ghost_church,
          nicolae_elyvilon_temple_path, gup_sewer_entry_spiral, uniq_menkaure
D:7:      layout_basic, grunt_ogre_cave, kennysheep_generic_room_9
D:8:      layout_loops_cross, mainiacjoe_overflow_surrounded_room,
          minmay_gold_behind_fungi
D:9:      layout_basic, uniq_grum
D:10:     layout_irregular_city, due_lair_maze_entry_diamond,
          eino_small_chamber_without_monster, minmay_bent
D:11:     layout_stronghold, erik_orc_2
Lair:1:   beast_lair_carwin_large_1, layout_big_grid
Lair:2:   layout_hall_layers, skrybe_swamp_entry_bodies,
          guppyfry_snake_entry_garden, grunt_megastairs_4, uniq_gastronok
Lair:3:   layout_gridlike, ebering_ghost_disaster_area
Orc:1:    layout_caves, minmay_orc_temple_a
Orc:2:    grunt_orc_gardens, layout_caves, grunt_orc_garden, grunt_orc_garden,
          grunt_orc_garden, grunt_orc_garden, serial_shops,
          nicolae_shop_statue_plus, uniq_rupert, uniq_urug

Skill      XL: |  1  2  3  4  5  6  7  8  9 10 11 12 |
---------------+-------------------------------------+-----
Spellcasting   | 2 3 4 5 6 7 8 9 10 | 10.0
Translocations | 1 2 3 5 6 7 8 |  8.7
Conjurations   | 4 5 6 7 9 11 | 11.3
Hexes          | 2 4 5 |  5.9
Unarmed Combat | 2 3 |  3.1
Fighting       | 2 5 6 |  6.8
Transmutations | 3 4 |  4.1
Dodging        | |  1.7
Stealth        | |  1.7

Action                   |  1- 3 |  4- 6 |  7- 9 | 10-12 || total
-------------------------+-------+-------+-------+-------++-------
Melee: Spear             |    14 |    38 |    15 |       ||    67
       Whip              |       |       |   140 |   192 ||   332
       Unarmed           |       |       |       |     5 ||     5
       Punch             |       |       |       |     5 ||     5
 Cast: Magic Dart        |    34 |    74 |    78 |    51 ||   237
       Searing Ray       |     3 |    10 |    18 |    26 ||    57
       Iskenderun's Myst |       |       |    31 |   111 ||   142
       Fulminant Prism   |       |       |       |    11 ||    11
       Iskenderun's Batt |       |       |       |    16 ||    16
       Tukima's Dance    |       |       |       |     1 ||     1
Evoke: Wand              |       |       |       |     2 ||     2
  Use: Scroll            |       |     4 |     4 |    18 ||    26
       Potion            |       |       |     5 |     9 ||    14
 Stab: Sleeping          |     1 |     2 |       |       ||     3
       Distracted        |       |       |     1 |       ||     1
Armor: Leather armour    |     2 |     4 |       |       ||     6
       Skin              |       |     1 |     5 |       ||     6
       Ring mail         |       |       |    50 |   150 ||   200
Dodge: Dodged            |     7 |    29 |    69 |   194 ||   299

Table legend: (Time is in decaauts)
 A = Elapsed time spent in this place.
 B = Non-inter-level travel time spent in this place.
 C = Inter-level travel time spent in this place.
 D = Time resting spent in this place.
 E = Time spent auto-exploring this place.
 F = Levels seen in this place.
 G = Mean time per level.
                   A        B        C        D        E       F      G
               +--------+--------+--------+--------+--------+-----+--------+
         Total |  16301 |  15224 |   1077 |   3488 |   8806 |  17 |  958.9 |
       Dungeon |  13114 |  12170 |    944 |   2257 |   7680 |  11 | 1192.2 |
          Lair |   1651 |   1572 |     79 |    511 |    590 |   3 |  550.3 |
  Orcish Mines |   1050 |    997 |     53 |    667 |    195 |   2 |  525.0 |
         Sewer |    484 |    484 |      0 |     53 |    340 |   1 |  484.0 |
               +--------+--------+--------+--------+--------+-----+--------+

Top non-repeatable levels by time:
     D:4: 1846 daAuts
    D:10: 1844 daAuts
  Lair:1: 1502 daAuts
     D:2: 1474 daAuts
     D:6: 1354 daAuts
    D:11: 1348 daAuts
     D:7: 1128 daAuts
     D:9: 1004 daAuts
     D:1: 936 daAuts
     D:5: 918 daAuts
   Orc:1: 905 daAuts
     D:8: 814 daAuts
   Sewer: 484 daAuts
     D:3: 443 daAuts
   Orc:2: 144 daAuts
